 Dungeon Crawl Stone Soup version 0.18-a0-1692-g516f9e9 (webtiles) character file.

3142 Heskey the Fighter (level 9, -1/106 HPs)
             Began as an Ogre Berserker on Apr 5, 2016.
             Was a High Priest of Trog.
             Slain by a wight
             ... wielding a +0 short sword
              (8 damage)
             ... on level 7 of the Dungeon.
             The game lasted 00:23:46 (12976 turns).

Heskey the Fighter (Ogre Berserker)                Turns: 12976, Time: 00:23:47

Health: -1/106     AC:  3    Str: 27    XL:     9   Next: 93%
Magic:  9/9        EV:  1    Int:  6    God:    Trog [*****.]
Gold:   352        SH:  0    Dex: -22 (9) Spells: 0 memorised, 8 levels left

rFire  . . .     SeeInvis .     v - +1 giant spiked club
rCold  . . .     Gourm    .     b - +0 animal skin
rNeg   . . .     Faith    .     (shield currently unavailable)
rPois  .         Spirit   .     (helmet restricted)
rElec  .         Dismiss  .     (no cloak)
rCorr  +         Reflect  +     (gloves unavailable)
SustAt .         Harm     .     (boots unavailable)
MR     +....                    q - +3 amulet of reflection
Stlth  ..........               i - ring of protection from magic
                                d - ring of resist corrosion

@: slowed, lost dexterity, very heavily drained, very slow, somewhat resistant
to hostile enchantments, extremely unstealthy
A: unfitting armour, tough skin 1
a: Berserk, Trog's Hand, Brothers in Arms, Burn Spellbooks, Renounce Religion


You were on level 7 of the Dungeon.
You worshipped Trog.
Trog was extremely pleased with you.
You were hungry.

You visited 1 branch of the dungeon, and saw 7 of its levels.

You collected 352 gold pieces.

Inventory:

Hand Weapons
 v - a +1 giant spiked club (weapon)
Missiles
 a - a throwing net (quivered)
 f - 2 needles of frenzy
Armour
 b - a +0 animal skin (worn)
Jewellery
 d - a ring of resist corrosion (left hand)
 h - a +4 ring of protection {unknown}
 i - a ring of protection from magic (right hand)
 q - a +3 amulet of reflection (around neck)
Wands
 t - a wand of random effects (48/48)
 w - a wand of disintegration (12/24)
Scrolls
 e - 2 scrolls of magic mapping
 j - a scroll of blinking
 r - a scroll of remove curse
 s - a scroll of teleportation
 y - a scroll of identify
Potions
 u - a potion of cure mutation
 z - 2 potions of curing
Comestibles
 c - 3 bread rations
 g - 2 royal jellies
 l - 2 beef jerkies
 p - 2 meat rations


   Skills:
 * Level 11.9(5.2) Fighting
 + Level 9.5(3.2) Maces & Flails
 - Level 3.5(0.0) Armour
 + Level 6.5(0.6) Dodging


You had 8 spell levels left.
You didn't know any spells.

Dungeon Overview and Level Annotations

Branches:
Dungeon (7/15)             Temple (0/1) D:6

Altars:
Ashenzari
Fedhas
Nemelex Xobeh
Pakellas
Qazlal
Ru
Sif Muna
Zin


Innate Abilities, Weirdness & Mutations

You are too large for most types of armour.
You have tough skin (AC +1).


Message History

The wight is moderately damaged.
The wight hits you with a short sword. x3
You closely miss the wight.
The wight is moderately damaged.
The wight hits you with a short sword.
* * * LOW HITPOINT WARNING * * *
The wight hits you with a short sword.
* * * LOW HITPOINT WARNING * * *
You feel drained.
* * * LOW HITPOINT WARNING * * *
You closely miss the wight.
The wight is moderately damaged.
The wight hits you with a short sword.
* * * LOW HITPOINT WARNING * * *
You feel drained.
* * * LOW HITPOINT WARNING * * *
The wight hits you with a short sword.
* * * LOW HITPOINT WARNING * * *
The wight hits you with a short sword!
You die...

####..#..>.......
.........#.######
#.##.##....# .#
#.##.##.#### .#
###.##...># .#
#.........# .##
#.#.####.## ..#
#.#.# #z# ..#
#.#.# #@# ..#
####.#.# #.#
..####......# #)#
....##......# #.#
.(#.........# #.#
...........## #.#
..)###..>..# #.#
##........... ..#
############# ###


You could see a wight.

Vanquished Creatures
  2 phantoms (D:4)
  2 sky beasts
  A necrophage (D:7)
  4 ogres
  3 centaurs
  A big kobold (D:7)
  A crocodile (D:6)
  A gnoll sergeant (D:6)
  A giant frog (D:6)
  A wyvern zombie (D:5)
  9 wights
  A giant frog zombie (D:6)
  2 crimson imps
  A quasit (D:7)
  A hound (D:4)
  A jelly (D:5)
  2 orc priests
  2 gnoll shamans (D:4)
  A centaur skeleton (D:4)
  3 iguanas
  6 orc wizards
  7 worker ants
  A hound zombie (D:7)
  4 adders
  40 gnolls
  4 river rats (D:4)
  2 oozes
  3 adder skeletons
  3 worms
  2 dart slugs
  6 giant geckos
  14 orcs
  9 bats
  A giant cockroach (D:1)
  9 goblins
  5 hobgoblins
  26 jackals
  6 quokkas
  2 ball pythons (D:4)
  A giant gecko zombie (D:5)
  8 giant newts
  A jackal skeleton (D:6)
  13 kobolds
  A quokka zombie (D:7)
  24 rats
238 creatures vanquished.

Notes
Turn   | Place    | Note
--------------------------------------------------------------
     0 | D:1      | Heskey the Ogre Berserker began the quest for the Orb.
     0 | D:1      | Reached XP level 1. HP: 24/24 MP: 1/1
   288 | D:1      | Reached XP level 2. HP: 19/33 MP: 2/2
   812 | D:1      | Reached XP level 3. HP: 16/40 MP: 3/3
  1397 | D:2      | Reached ** piety under Trog
  1665 | D:2      | Reached skill level 5 in Fighting
  2300 | D:2      | Found a stormy altar of Qazlal.
  2583 | D:2      | Found a shattered altar of Ashenzari.
  2583 | D:2      | Found a sparkling altar of Nemelex Xobeh.
  2790 | D:2      | Reached XP level 4. HP: 50/50 MP: 4/4
  4103 | D:3      | Reached skill level 5 in Maces & Flails
  4514 | D:4      | Noticed a phantom
  4573 | D:4      | Killed a phantom
  4573 | D:4      | Reached skill level 6 in Fighting
  4573 | D:4      | Reached XP level 5. HP: 15/59 MP: 5/5
  4871 | D:4      | Reached XP level 6. HP: 45/68 MP: 6/6
  4940 | D:4      | Reached *** piety under Trog
  5192 | D:4      | Reached skill level 7 in Fighting
  5829 | D:4      | Reached **** piety under Trog
  5842 | D:4      | Reached XP level 7. HP: 58/78 MP: 7/7
  5978 | D:4      | HP: 1/79 [gnoll (7)]
  6307 | D:4      | Found a sacrificial altar of Ru.
  6505 | D:4      | Found an oddly glowing altar of Pakellas.
  6576 | D:4      | Reached skill level 8 in Fighting
  7154 | D:4      | Reached skill level 1 in Armour
  7154 | D:4      | Reached skill level 5 in Dodging
  7154 | D:4      | Reached XP level 8. HP: 48/89 MP: 8/8
  7330 | D:4      | Reached skill level 9 in Fighting
  8216 | D:4      | Reached ***** piety under Trog
  8216 | D:4      | Received a gift from Trog
  8578 | D:5      | Entered Level 5 of the Dungeon
  8638 | D:5      | Found a blossoming altar of Fedhas.
  9403 | D:5      | Found a deep blue altar of Sif Muna.
  9884 | D:5      | Reached skill level 10 in Fighting
  9983 | D:5      | Reached XP level 9. HP: 90/101 MP: 9/9
 10309 | D:6      | Found a staircase to the Ecumenical Temple.
 10698 | D:6      | Reached skill level 11 in Fighting
 11125 | D:7      | Found a glowing silver altar of Zin.
 11396 | D:7      | HP: 4/105 [wight/trident of freezing (2)]
 11396 | D:7      | HP: 1/105 [wight/trident of freezing (3)]
 12220 | D:7      | Lost dexterity.
 12976 | D:7      | Slain by a wight

Vault maps used:
D:1:      lightli_arrival_lavapool
D:2:      gammafunk_temple_overflow_pools, grunt_qazlal_clouds
D:3:      first_bread
D:4:      lemuel_castle_with_subvaults, grunt_pakellas_sulfur, kennysheep_mini,
          dk_rats_in_the_wall
D:5:      kennysheep_mini_moat, basic_altar
D:6:      temple_doors_e
D:7:      lemuel_mausoleum_altar_yredelemnul, basic_altar

Skill      XL: |  1  2  3  4  5  6  7  8  9 |
---------------+----------------------------+-----
Dodging        | 3 4 5 6 |  6.5
Fighting       | 5 6 7 8 10 11 | 11.9
Maces & Flails | 5 6 7 8 9 |  9.5
Armour         | 1 2 3 |  3.5

Action                   |  1- 3 |  4- 6 |  7- 9 || total
-------------------------+-------+-------+-------++-------
Melee: Mace              |   140 |   227 |       ||   367
       Flail             |       |    51 |     4 ||    55
       Morningstar       |       |       |    99 ||    99
       Giant club        |       |       |   186 ||   186
       Giant spiked club |       |       |   158 ||   158
Invok: Berserk           |     2 |     4 |    10 ||    16
       Burn Spellbooks   |       |       |     1 ||     1
Evoke: Wand              |       |       |     1 ||     1
  Use: Scroll            |     6 |     2 |     8 ||    16
       Potion            |     1 |     2 |     6 ||     9
  Eat: Chunk             |     5 |    16 |    19 ||    40
       Pizza             |     1 |       |     1 ||     2
       Bread ration      |       |       |     3 ||     3
